Map: Dusk Towers

Players

cabrillo

  • Race: Terran Terran

Grumm - Winner!

  • Race: Protoss Protoss
  • League: Gold

VOD

Have the link to the VOD?

Description

Time

  • Played on: Feb. 2, 2016, 3:46 a.m.
  • Length: 21:12
Show
View Real Time Build Order
Export as new Build Order

cabrillo Terran 

Build Orders: MMM Bio 

Get SALT Encoding   

  12  0:01  SCV  
  13  0:13  SCV  
  14  0:18  Supply Depot  
  14  0:25  SCV  
  15  0:40  SCV  
  15  0:41  Supply Depot  
  16  0:47  Supply Depot  
  16  0:52  SCV  
  17  1:04  SCV  
  18  1:16  SCV  
  19  1:19  Barracks  
  19  1:36  Command Center  
  19  1:39  Barracks  
  19  1:42  SCV  
  20  1:54  SCV  
  21  2:05  Marine  
  21  2:06  SCV  
  23  2:10  Refinery  
  23  2:18  SCV  
  24  2:23  Marine  
  24  2:25  Marine  
  26  2:30  Refinery, SCV  
  27  2:42  SCV  
  27  2:43  Marine  
  29  2:54  SCV  
  30  2:59  Marine  
  30  3:01  Marine  
  32  3:06  SCV  
  32  3:08  SCV  
  34  3:17  Marine  
  34  3:18  SCV  
  34  3:19  Marine  
  37  3:20  SCV  
  37  3:24  Barracks  
  38  3:30  Supply Depot  
  38  3:31  SCV  
  38  3:32  SCV  
  40  3:37  Marine x2  
  42  3:43  SCV  
  42  3:44  SCV  
  44  3:55  SCV  
  45  3:56  Marine x2, SCV  
  48  4:07  SCV  
  48  4:08  SCV  
  50  4:10  Factory  
  50  4:19  Barracks Tech Lab x3  
  50  4:20  SCV  
  51  4:25  Barracks  
  51  4:31  Refinery  
  51  4:33  Refinery, SCV  
  51  4:35  SCV  
  53  4:41  Stimpack  
  53  4:42  Combat Shields  
  53  4:44  Concussive Shells  
  53  4:45  SCV  
  54  4:47  SCV  
  54  4:50  Engineering Bay  
  54  4:52  Marauder x3  
  61  4:57  SCV  
  62  5:00  Supply Depot  
  62  5:03  Supply Depot  
  62  5:08  Orbital Command  
  62  5:10  Orbital Command  
  62  5:15  Supply Depot  
  62  5:16  Barracks Tech Lab  
  62  5:21  Factory Tech Lab  
  62  5:22  Barracks  
  62  5:28  Starport  
  62  5:35  Command Center, Terran Infantry Weapons Level 1  
  62  5:37  Marine x3  
  62  5:38  Marine  
  62  5:39  Supply Depot  
  66  5:52  SCV  
  67  6:01  Siege Tank  
  70  6:04  SCV  
  70  6:05  Starport Reactor  
  70  6:10  Supply Depot  
  71  6:16  SCV  
  72  6:21  Marauder x2  
  72  6:22  Marauder x2  
  72  6:24  Barracks Tech Lab  
  80  6:28  SCV  
  81  6:33  Sensor Tower, Siege Tank  
  84  6:43  Marauder x4  
  84  6:45  Marauder  
  94  6:49  Medivac x2  
  98  7:00  SCV  
  99  7:22  Medivac x2  
  103  7:23  Siege Tank  
  103  7:25  Marauder x2  
  103  7:26  Marauder  
  103  7:28  Marauder  
  116  7:30  Marauder  
  116  7:42  Supply Depot  
  116  7:43  Supply Depot  
  116  7:46  Marine  
  117  8:03  Marine x4  
  117  8:04  Supply Depot, Marine  
  122  8:06  Supply Depot, SCV  
  123  8:18  SCV  
  124  8:21  Marine x4  
  124  8:22  Marine  
  124  8:23  Siege Tank  
  124  8:26  Medivac x2  
  136  8:29  Supply Depot  
  136  8:30  SCV  
  136  8:31  Supply Depot  
  136  8:34  Terran Infantry Armor Level 1  
  137  8:39  Marine x5  
  142  8:42  SCV  
  143  8:52  Supply Depot  
  143  8:54  Supply Depot, SCV  
  143  8:55  Siege Tank  
  147  8:57  Marine x5  
  152  9:06  SCV  
  153  9:14  Marine  
  153  9:15  Marauder x3  
  153  9:16  Marauder  
  162  9:18  SCV  
  162  9:19  Supply Depot  
  162  9:21  Supply Depot  
  163  9:27  Hellion  
  159  9:33  Marauder  
  159  9:36  Marauder x2  
  165  9:41  Marine  
  165  9:42  Supply Depot, Marine  
  165  9:45  Medivac, Supply Depot  
  167  9:46  Medivac  
  167  9:49  Hellion  
  173  9:54  Marine  
  173  9:57  Command Center, Marine x2, SCV  
  173  9:59  Marine x2  
  178  10:01  SCV  
  180  10:09  SCV  
  180  10:10  Hellion  
  180  10:12  Marine  
  180  10:13  SCV  
  185  10:15  Viking, Marine x2  
  185  10:16  Viking  
  185  10:17  Refinery, Marine x2, Planetary Fortress  
  185  10:19  Refinery  
  193  10:21  SCV  
  193  10:25  SCV  
  193  10:28  Hi-Sec Auto Tracking  
  195  10:34  Marauder x2, SCV  
  200  11:24  Neosteel Frame  
  200  11:37  Refinery  
  120  13:17  Starport  
  120  13:18  Starport  
  118  13:20  Starport  
  118  13:22  Starport  
  118  13:25  Starport  
  118  13:32  Missile Turret  
  118  13:34  Missile Turret x2  
  101  13:40  Marauder x5  
  98  13:44  Siege Tank  
  98  13:45  Medivac x2  
  101  13:52  Missile Turret  
  93  14:01  Marauder x3  
  93  14:02  Marauder x2  
  92  14:15  Command Center  
  92  14:16  Siege Tank  
  92  14:28  Missile Turret  
  92  14:29  Missile Turret  
  88  14:49  Sensor Tower, Supply Depot  
  88  15:15  Command Center, Marine x3  
  88  15:16  Marine x2  
  88  15:20  Command Center  
  88  15:21  Command Center  
  93  15:22  Medivac x2  
  93  15:25  Starport Tech Lab x2  
  93  15:26  Starport Tech Lab x3  
  97  15:28  Command Center  
  97  15:33  Marine x4  
  97  15:34  Marine  
  102  15:51  Marine x5  
  102  15:52  Medivac x2, Siege Tank  
  114  16:00  Raven  
  114  16:01  Raven x4  
  124  16:08  Marine  
  124  16:09  Marine x4  
  124  16:11  Cloaking Field  
  129  16:15  Explosive Shrapnel Shells  
  129  16:18  Corvid Reactor  
  129  16:22  Medivac x2  
  129  16:24  Siege Tank  
  136  16:26  Marine x2  
  136  16:27  Marine x3  
  141  16:43  Banshee x2  
  141  16:44  Banshee x3, Refinery  
  141  16:45  Marauder x5  
  166  16:49  Planetary Fortress  
  166  16:52  Viking x2  
  170  16:57  Missile Turret, Siege Tank  
  173  17:05  Marine  
  173  17:06  Marine x4  
  178  17:17  Missile Turret  
  178  17:22  Viking x2  
  182  17:23  Marine x2  
  182  17:24  Marine x3  
  182  17:26  Banshee x3  
  182  17:27  Banshee x2  
  182  17:29  Siege Tank  
  194  17:34  Missile Turret x2  
  194  17:36  Sensor Tower  
  155  17:41  Marine x3  
  155  17:42  Marine  
  148  17:45  SCV  
  133  18:01  Siege Tank  
  135  18:14  SCV  
  135  18:18  Refinery, Planetary Fortress  
  136  18:21  Missile Turret  
  136  18:26  SCV  
  136  18:40  Missile Turret  
  126  18:45  Marauder x2  
  126  18:46  Marauder x3  
  79  19:07  Marauder x2  
  53  19:25  SCV  
  49  19:37  SCV  
  42  19:49  SCV  
  41  20:01  SCV  
  31  20:13  Starport Tech Lab, SCV  
  32  20:18  Starport Tech Lab  
  32  20:22  Starport Tech Lab  
  32  20:24  Starport Tech Lab, Supply Depot  
  32  20:25  Starport Tech Lab, Supply Depot  
  32  20:27  Supply Depot  
  17  20:46  SCV  
  17  20:49  Engineering Bay  
  15  20:58  SCV  
Show
View Real Time Build Order
Export as new Build Order

Grumm Protoss - Winner!

Build Orders: 1 Gate Expand, Blink Stalkers 

Get SALT Encoding   

  12  0:01  Probe (Chrono Boost)  
  13  0:11  Probe (Chrono Boost)  
  14  0:19  Pylon  
  14  0:22  Probe (Chrono Boost)  
  15  0:37  Probe (Chrono Boost)  
  15  0:38  Gateway  
  16  0:47  Probe (Chrono Boost)  
  17  0:50  Assimilator  
  17  0:58  Probe (Chrono Boost)  
  18  1:17  Nexus  
  18  1:20  Probe (Chrono Boost)  
  19  1:33  Cybernetics Core  
  19  1:38  Probe (Chrono Boost)  
  20  1:53  Probe (Chrono Boost)  
  21  1:56  Assimilator  
  21  2:00  Pylon  
  21  2:05  Forge  
  21  2:11  Warp Gate (Chrono Boost)  
  21  2:12  Probe  
  22  2:18  Adept  
  24  2:24  Probe  
  24  2:25  Pylon  
  25  2:38  Pylon  
  24  2:44  Probe  
  24  2:45  Probe  
  24  2:46  Protoss Ground Weapons Level 1 (Chrono Boost)  
  26  2:57  Twilight Council  
  26  3:06  Gateway  
  26  3:10  Gateway  
  26  3:14  Probe  
  27  3:22  Pylon, Probe  
  28  3:27  Probe  
  29  3:37  Blink (Chrono Boost)  
  29  3:41  Probe  
  29  3:43  Probe  
  31  4:03  Probe  
  31  4:04  Probe  
  33  4:14  Gateway  
  33  4:15  Gateway, Probe  
  33  4:16  Probe  
  35  4:19  Pylon  
  35  4:27  Probe, Photon Cannon  
  35  4:28  Probe  
  35  4:30  Protoss Ground Armor Level 1  
  37  4:31  Zealot  
  39  4:39  Photon Cannon  
  39  4:44  Pylon  
  39  4:57  Probe x2  
  39  4:58  Zealot x2  
  45  5:08  Assimilator  
  45  5:09  Probe x2  
  45  5:12  Assimilator  
  47  5:21  Probe x2  
  47  5:23  Forge  
  47  5:25  Pylon  
  49  5:30  Stalker x2  
  49  5:33  Probe, Stalker  
  56  5:39  Probe  
  57  5:45  Probe  
  58  5:51  Probe  
  59  5:57  Probe  
  59  6:00  Pylon  
  59  6:03  Probe  
  61  6:09  Stalker x2, Nexus  
  65  6:13  Adept  
  65  6:14  Adept  
  69  6:21  Pylon  
  69  6:23  Protoss Ground Weapons Level 2 (Chrono Boost)  
  69  6:26  Photon Cannon  
  69  6:31  Protoss Ground Armor Level 2 (Chrono Boost)  
  67  6:43  Probe  
  67  6:45  Stalker  
  67  6:46  Stalker x2  
  74  6:56  Probe  
  75  7:02  Photon Cannon  
  75  7:04  Pylon  
  75  7:07  Probe  
  76  7:11  Probe  
  77  7:19  Probe  
  77  7:20  Probe  
  79  7:23  Probe, Charge (Chrono Boost)  
  79  7:24  Zealot  
  79  7:25  Stalker x2  
  79  7:26  Stalker  
  88  7:31  Probe  
  88  7:32  Probe  
  88  7:35  Probe  
  91  7:43  Probe  
  91  7:44  Probe  
  93  7:48  Assimilator  
  93  7:50  Probe  
  94  7:53  Assimilator  
  94  7:55  Probe  
  94  7:56  Probe  
  96  8:00  Gateway  
  96  8:02  Gateway  
  96  8:05  Gateway  
  96  8:10  Pylon  
  96  8:13  Pylon  
  96  8:14  Probe  
  96  8:15  Probe x2  
  96  8:16  Gateway  
  99  8:26  Probe  
  100  8:39  Protoss Ground Weapons Level 3 (Chrono Boost)  
  100  8:41  Protoss Shields Level 1 (Chrono Boost)  
  100  8:42  Nexus  
  100  8:50  Resonating Glaives  
  100  8:55  Pylon  
  100  8:58  Probe x3  
  103  9:04  Pylon, Stalker x2  
  103  9:05  Stalker x3  
  103  9:07  Pylon  
  113  9:11  Gateway  
  113  9:19  Gateway x2  
  113  9:20  Gateway  
  113  9:22  Gateway  
  113  9:24  Photon Cannon  
  113  9:25  Pylon  
  113  9:27  Pylon  
  95  9:37  Zealot  
  95  9:38  Zealot x4  
  91  9:49  Zealot  
  91  9:50  Zealot x3  
  99  9:58  Dark Shrine  
  99  9:59  Stalker x3  
  105  10:00  Stalker  
  107  10:09  Probe  
  107  10:10  Probe  
  107  10:11  Probe x2  
  111  10:22  Stalker x3  
  111  10:23  Stalker x2  
  111  10:24  Stalker  
  123  10:31  Stalker x2  
  123  10:35  Adept  
  129  10:36  Adept  
  129  10:41  Sentry  
  133  10:52  Protoss Ground Armor Level 3 (Chrono Boost), Photon Cannon  
  133  10:54  Protoss Shields Level 2 (Chrono Boost), Nexus  
  133  10:57  Stalker  
  133  10:58  Stalker x2  
  133  10:59  Stalker  
  141  11:22  Zealot x4  
  141  11:23  Zealot x4  
  157  11:34  Pylon  
  157  11:36  Assimilator  
  157  11:40  Pylon  
  157  11:41  Assimilator  
  157  11:42  Assimilator  
  157  11:45  Assimilator, Stalker  
  157  11:46  Stalker x2  
  163  11:49  Stalker x3  
  169  12:00  Mothership Core  
  141  12:22  Zealot  
  119  12:24  Zealot  
  119  12:25  Zealot x3  
  119  12:26  Zealot  
  106  12:42  Zealot x3  
  106  12:43  Zealot x4  
  102  13:02  Dark Templar x2  
  102  13:03  Dark Templar x2  
  102  13:04  Cybernetics Core, Zealot x3  
  112  13:17  Probe x4  
  80  13:42  Zealot x2  
  80  13:43  Dark Templar x5  
  80  13:44  Dark Templar x5  
  100  14:17  Stalker  
  100  14:18  Stalker  
  100  14:19  Stalker x3  
  100  14:21  Zealot x2  
  100  14:22  Zealot x5  
  112  14:48  Protoss Shields Level 3  
  112  14:53  Probe  
  112  14:54  Probe x3  
  112  14:55  Probe  
  117  15:01  Photon Cannon  
  117  15:04  Photon Cannon  
  117  15:06  Pylon, Probe x2, Photon Cannon  
  117  15:07  Probe  
  120  15:10  Archon x5  
  120  15:18  Stalker x4  
  120  15:19  Stalker x6  
  120  15:20  Stalker x2  
  144  15:52  Dark Templar  
  144  15:53  Dark Templar x5  
  144  15:54  Dark Templar x5  
  144  15:55  Dark Templar  
  168  16:04  Pylon  
  168  16:14  Pylon  
  168  16:33  Nexus  
  168  16:36  Nexus  
  168  16:38  Pylon  
  168  16:39  Pylon  
  168  16:42  Pylon x2  
  168  16:47  Pylon  
  168  16:50  Pylon  
  168  17:00  Dark Templar  
  168  17:01  Adept x5  
  172  17:02  Adept x6  
  192  17:13  Photon Cannon  
  192  17:18  Photon Cannon  
  192  17:20  Photon Cannon  
  192  17:23  Photon Cannon  
  178  18:03  Probe  
  178  18:04  Probe x4  
  183  18:16  Mothership Core  
  185  18:20  Stalker x5  
  185  18:21  Stalker x2  
  183  19:04  Pylon  
  176  19:10  Stalker  
  176  19:12  Stalker x4  
  176  19:16  Photon Cannon  
  186  19:19  Pylon  
  186  19:21  Photon Cannon  
  175  19:45  Photon Cannon  
  165  20:30  Photon Cannon  
  165  20:31  Stalker x2  
  165  20:32  Stalker x5, Photon Cannon  
  165  20:33  Pylon, Stalker x2  
Tags
 
Add a new tag
Caveats
  • Supply blocks, unpowered buildings, or Contaminate may cause inaccurate times.
  • Supply counts are checked every 10 seconds.